cohdb
Replays
Latest Replays
All Replays
Popular Replays
Top Player Replays
Match Explorer
How It Works
Community
CoH3 Stats
Reddit
Sign in to upload your games and track your stats! →
Sign in with Steam
Match 47180250
Unlisted
Match 47180250
Overview
Messages
Build Orders
End
Construct Infanterie Kompanie
Kettenkrad Recon Vehicle
Grenadier Squad
Selects Terror Battlegroup
Selects Machine Gun Camouflage
MG 42 Machine Gun Team
Grenadier Squad
MG 42 Machine Gun Team
Construct Panzergrenadier Kompanie
Medical Station
Support Elements
StuG III G Assault Gun
Panzergrenadier Officer Quarters
Pak 40 Anti-tank Gun Team
Selects Defend the Fatherland
Panzergrenadier Squad
Nebelwerfer 42 Rocket Launcher Team
Selects Contempt for the Weak
Construct Panzer Kompanie
Panzer IV Medium Tank
Panzer Officer Quarters
Panzer IV Medium Tank
Side Skirts
Repair Bunker
Selects Jericho Trumpet
Selects V1 Rocket Strike
Medical Bunker
Infanterie Officer Quarters
V1 Rocket Strike
Selects King Tiger Heavy Tank
King Tiger Heavy Tank
Construct Luftwaffe Kompanie
Jericho Trumpet
MG 42 Bunker
V1 Rocket Strike
Havoc
Trivolka
Esxile
-AL- Nimahfrosch
0
0
Comments
sign in to comment!
No comments posted yet!